 Dungeon Crawl Stone Soup version 0.27-a0-797-g27d10ad80f (webtiles) character file.

Game seed: 11614562815141836385

125 rageheart7 the Skirmisher (level 4, -4/40 HPs)
             Began as a Palentonga Fighter on Mar 28, 2021.
             Shot with an arrow by a centaur (12 damage)
             ... on level 3 of the Dungeon.
             The game lasted 00:04:57 (2099 turns).

rageheart7 the Skirmisher (Palentonga Fighter)      Turns: 2099, Time: 00:04:58

Health: -4/40      AC:  6    Str: 20    XL:     4   Next: 82%
Magic:  4/4        EV:  5    Int:  8    God:
Gold:   86         SH:  8    Dex: 10    Spells: 3/3 levels left

rFire    . . .     SeeInvis +   a - +0 flail
rCold    . . .     Faith    .   c - +0 kite shield
rNeg     . . .     Spirit   .   b - +0 scale mail
rPois    .         Reflect  .   (no helmet)
rElec    .         Harm     .   (no cloak)
rCorr    .         Rampage  .   (no gloves)
Will     .....                  (no barding)
Stlth    ..........             (no amulet)
HPRegen  0.13/turn              (no ring)
MPRegen  0.09/turn              (no ring)

@: mighty
A: large, rugged brown scales 3, see invisible, deformed body, roll 1, armoured
tail
a: Rolling Charge


You were on level 3 of the Dungeon.
You visited 1 branch of the dungeon, and saw 3 of its levels.

You collected 86 gold pieces.

Inventory:

Hand Weapons
 a - a +0 flail (weapon)
Armour
 b - a +0 scale mail (worn)
 c - a +0 kite shield (worn)
Scrolls
 f - a scroll of enchant weapon {unknown}
 h - a scroll of teleportation {unknown}
Potions
 d - a potion of might
 e - a potion of heal wounds {unknown}
 g - a potion of brilliance {unknown}
 i - a potion of cancellation {unknown}


   Skills:
 * Level 4.4 Fighting
 * Level 3.8 Maces & Flails
 - Level 2.4 Armour
 - Level 2.4 Shields


You had 3 spell levels left.
You didn't know any spells.
Your spell library was empty.

Dungeon Overview and Level Annotations

Branches:
Dungeon (3/15)

Altars:
Ashenzari
Fedhas
Sif Muna
Xom


Innate Abilities, Weirdness & Mutations

You are completely covered in rugged brown scales. (AC +3, +7% HP)
You have supernaturally acute eyesight. (SInv)
Armour fits poorly on your strangely shaped body.
You can roll at nearby foes to attack.
You have a long armoured tail.


Message History

A bat is nearby!
You sock the bat!
You kill the bat!
A giant cockroach comes into view.
The giant cockroach barely misses you.
A giant cockroach is nearby!
You barely miss the giant cockroach. The giant cockroach bites you.
The giant cockroach waves its antennae.
The giant cockroach bites you but does no damage.
A giant cockroach is nearby!
You hit the giant cockroach. You tail-slap the giant cockroach.
You kill the giant cockroach!
A ball python comes into view.
The ball python hisses angrily.
A ball python is nearby!
The ball python bites you but does no damage.
Found a lumpy emerald potion.
A ball python is nearby!
You sock the ball python!
You kill the ball python!
i - a lumpy emerald potion No target in view!
A centaur comes into view.
The centaur shouts!
The centaur wields a +0 shortbow.
The centaur shoots an arrow.
The arrow hits you!
The centaur shoots an arrow.
The arrow hits you!
The centaur shoots an arrow.
The arrow hits you.
A centaur is nearby!
You are too injured to fight recklessly!
A centaur is nearby!
A centaur is nearby!
The centaur shoots an arrow.
The arrow hits you!
* * * LOW HITPOINT WARNING * * *
You feel very mighty all of a sudden.
The centaur shoots an arrow.
The arrow hits you.
* * * LOW HITPOINT WARNING * * *
The centaur shoots an arrow.
You block the arrow.
The centaur shoots an arrow.
The arrow hits you!
You die...

## ##.##
##...#################
#....@...............#
##...####.#######.##.#
##c## #.# #.##.# #.
###.### #.##.# #.
#.....# #.##.#
#...#.....#####.†...
.............†...#.#
.##.#.....#####.##.# .
#.#.......†....)..


You could see a centaur.

Vanquished Creatures
  Jessica (D:2)
  Terence (D:2)
  3 adders (D:2)
  A worm (D:2)
  2 dart slugs
  4 ball pythons
  An endoplasm (D:2)
  2 giant cockroaches
  6 goblins
  A hobgoblin (D:2)
  5 jackals
  A kobold (D:3)
  7 bats
  2 frilled lizards (D:2)
  4 rats (D:1)
41 creatures vanquished.

Vanquished Creatures (others)
  3 plants (D:1)
3 creatures vanquished.

Grand Total: 44 creatures vanquished

Notes
Turn   | Place    | Note
-------+----------+-------------------------------------------
     0 | D:1      | rageheart7 the Palentonga Fighter began the quest for the
                  | Orb.
     0 | D:1      | Reached XP level 1. HP: 19/19 MP: 1/1
   174 | D:1      | Reached XP level 2. HP: 25/25 MP: 2/2
   781 | D:2      | Reached XP level 3. HP: 2/32 MP: 3/3
   781 | D:2      | HP: 1/32 [poisoned by an adder]
   980 | D:2      | Found a broken altar of Ashenzari.
  1016 | D:2      | Noticed Jessica
  1022 | D:2      | Killed Jessica
  1023 | D:2      | Reached skill level 4 in Fighting
  1104 | D:2      | Reached XP level 4. HP: 16/39 MP: 4/4
  1588 | D:2      | Noticed Terence
  1596 | D:2      | Killed Terence
  1670 | D:2      | Found a blossoming altar of Fedhas.
  1670 | D:2      | Found a shimmering blue altar of Sif Muna.
  1934 | D:2      | Found a sparkling altar of Nemelex Xobeh.
  1937 | D:2      | Found an ancient bone altar of Kikubaaqudgha.
  1937 | D:2      | Found a shimmering altar of Xom.
  1939 | D:2      | Found a glowing silver altar of Zin.
  1939 | D:2      | Found a sparkling altar of Nemelex Xobeh.
  1939 | D:2      | Found a stormy altar of Qazlal.
  2094 | D:3      | Noticed a centaur
  2099 | D:3      | Shot with an arrow by a centaur

Illustrated notes

Levels and vault maps discovered:
D:1:      tarquinn_simple_flora_water_a, layout_loops_ring,
          serial_bayou_lagoon_b
D:2:      layout_rooms, nicolae_ashenzari_panopticon,
          gammafunk_temple_overflow_pools, doesnt_xom_only_xom, uniq_jessica,
          uniq_terence
D:3:      layout_loops_ring, roderic_serpentine_path, grunt_decor_cap, uniq_ijyb

Skill      XL: |  1  2  3 |
---------------+----------+-----
Fighting       | 4 |  4.4
Maces & Flails | 3 |  3.8
Armour         | |  2.4
Shields        | |  2.4

Action                   |  1- 3 |  4- 6 || total
-------------------------+-------+-------++-------
Melee: Flail             |    91 |    50 ||   141
       Tailslap          |     8 |     3 ||    11
 Abil: Rolling Charge    |     1 |       ||     1
  Use: Potion            |     2 |     1 ||     3
Armor: Scale mail        |    55 |    19 ||    74
Dodge: Dodged            |    23 |    11 ||    34
Block: Kite shield       |    44 |    19 ||    63

Table legend: (Time is in decaauts)
 A = Elapsed time spent in this place.
 B = Non-inter-level travel time spent in this place.
 C = Inter-level travel time spent in this place.
 D = Time resting spent in this place.
 E = Time spent auto-exploring this place.
 F = Levels seen in this place.
 G = Mean time per level.
                   A        B        C        D        E       F      G
               +--------+--------+--------+--------+--------+-----+--------+
         Total |   2184 |   2129 |     55 |    281 |   1468 |   3 |  728.0 |
       Dungeon |   2184 |   2129 |     55 |    281 |   1468 |   3 |  728.0 |
               +--------+--------+--------+--------+--------+-----+--------+

Top non-repeatable levels by time:
     D:2: 1346 daAuts
     D:1: 734 daAuts
     D:3: 103 daAuts
